 Dungeon Crawl Stone Soup version 0.28.0-45-g0d030f2227 (webtiles) character file.

Game seed: 16340110124222366184

95 101zpm the Magician (level 4, -4/31 HPs)
             Began as a Djinni Ice Elementalist on Apr 11, 2022.
             Killed by divine providence
             ... invoked by an orc priest
              (12 damage)
             ... on level 3 of the Dungeon.
             The game lasted 00:06:05 (3350 turns).

101zpm the Magician (Djinni Ice Elementalist)       Turns: 3350, Time: 00:06:05

Health: -4/31      AC:  2    Str:  7    XL:     4   Next: 97%
Gold:   75         EV: 12    Int: 19    God:
                   SH:  0    Dex: 13

rFire   + + .      SeeInvis .   i - +1 hand axe (venom)
rCold   x . .      Faith    .   (no shield)
rNeg    . . .      Spirit   .   a - +0 robe
rPois   ∞          Reflect  .   (no helmet)
rElec   .          Harm     .   (no cloak)
rCorr   .          Rampage  .   (no gloves)
Will    .....                   (boots unavailable)
Stlth   ++........              (no amulet)
HPRegen 0.10/turn               (no ring)
MPRegen 0.00/turn               (no ring)

@: flying
A: sickness immunity, fire resistance 2, cold vulnerability 1, float, innate
caster, HP casting, extra vitality 1
a: no special abilities


You were on level 3 of the Dungeon.
You visited 1 branch of the dungeon, and saw 3 of its levels.

You collected 75 gold pieces.

Inventory:

Hand Weapons
 i - a +1 hand axe of venom (weapon)
Armour
 a - a +0 robe (worn)
Wands
 g - a wand of iceblast (4)
Scrolls
 c - 3 scrolls of identify {unknown}
 d - 2 scrolls of teleportation {unknown}
 h - a scroll of fear {unknown}
Potions
 b - a potion of attraction {unknown}
 e - a potion of berserk rage {unknown}
 f - a potion of curing {unknown}


   Skills:
 + Level 0.1 Fighting
 + Level 2.3 Dodging
 + Level 1.7 Stealth
 + Level 4.5 Spellcasting


You couldn't memorise any spells.
You knew the following spells:

 Your Spells              Type           Power      Damage    Failure   Level
a - Freeze                Ice            84%        1d10      1%          1
b - Frozen Ramparts       Ice            42%        1d6       6%          3
c - Ozocubu's Armour      Ice            21%        N/A       6%          3
d - Hailstorm             Conj/Ice       21%        3d6       21%         4
e - Animate Skeleton      Necr           42%        N/A       1%          1
Your spell library was empty.

Dungeon Overview and Level Annotations

Branches:
Dungeon (3/15)

Altars:


Innate Abilities, Weirdness & Mutations

You are immune to sickness and miasma.
You are immune to poison.
Your flesh is very heat resistant. (rF++)
You are vulnerable to cold. (rC-)
You float through the air rather than walking.
You learn spells naturally, not from books.
Your magical power is your life essence.
You have superior vitality. (+4 MHP)


Message History

Press: ? - help, Q - select action, (/) - cycle Shift-Dir - straight line, f - orc
Aim: an orc, wielding a +0 whip You freeze the orc.
The orc is heavily wounded.
The orc shouts!
The wall freezes the orc.
You kill the orc!
The wall freezes the orc.
Aiming: Freeze (safe; 1% risk of failure)
Press: ? - help, Q - select action, (/) - cycle Shift-Dir - straight line, f - orc
Aim: an orc, wielding a +0 hand axe (heavily wounded)
You freeze the orc!
You kill the orc!
The orc priest begins to cast a cantrip, but forgets the words!
A gnoll comes into view. It is wielding a +0 spear.
A gnoll comes into view. It is wielding a +0 spear.
Your magical contamination has completely faded away.
The wall freezes the orc.
Aiming: Freeze (safe; 1% risk of failure)
Press: ? - help, Q - select action, (/) - cycle Shift-Dir - straight line, f - orc
Aim: an orc, wielding a +0 dagger (lightly wounded)
You freeze the orc!
You kill the orc!
The gnoll shouts!
The frozen ramparts melt away.
You hear a shout!
A gnoll comes into view. It is wielding a +0 club.
The orc priest invokes the aid of Beogh against you.
Pain shoots through your body!
* * * LOW HITPOINT WARNING * * *
Aiming: Freeze (safe; 1% risk of failure)
Press: ? - help, Q - select action, (/) - cycle Shift-Dir - straight line, f - orc priest
Aim: an orc priest, wielding a +0 hand axe and wearing a +0 chain mail You freeze the orc priest.
The orc priest is moderately wounded.
* * * LOW HITPOINT WARNING * * *
A gnoll comes into view. It is wielding a +0 club.
The orc priest mumbles some strange prayers to Beogh against you.
Beogh smites you!
You die...

.. .g.########
###g###.....#
####
#...g........#
#...
..g#.##......#
#...
..$..##...<..#
#...#)...#
#......# #@#
#.##.#o#
#..†#o......
#.#.# #...
...#### .o. #
#... ...# #.#
##.. #.... #o#
### .#### #..
##


You could see an orc priest and 4 gnolls.

Vanquished Creatures
  2 adders (D:2)
  2 worms (D:2)
  4 orcs
  5 ball pythons
  2 bats (D:1)
  6 endoplasms
  A giant cockroach (D:1)
  10 goblins
  7 hobgoblins
  5 jackals (D:1)
  4 quokkas
  3 frilled lizards
  3 kobolds
  6 rats
60 creatures vanquished.

Notes
Turn   | Place    | Note
-------+----------+-------------------------------------------
     0 | D:1      | 101zpm the Djinni Ice Elementalist began the quest for the
                  | Orb.
     0 | D:1      | Reached XP level 1. HP: 15/15 MP: 0/0
    24 | D:1      | Reached XP level 2. HP: 4/21 MP: 0/0
   848 | D:1      | Reached XP level 3. HP: 20/25 MP: 0/0
   848 | D:1      | Learned a level 1 spell: Animate Skeleton
  1135 | D:1      | Found a faded altar of an unknown god.
  1237 | D:1      | Reached skill level 4 in Spellcasting
  2230 | D:2      | Reached XP level 4. HP: 30/31 MP: 0/0
  3350 | D:3      | Killed from afar by an orc priest

Illustrated notes

Levels and vault maps discovered:
D:1:      noname_arrival_rooms_in_the_neighbourhood, layout_rooms,
          shapermc_ecumenical_altar_rom_forum
D:2:      layout_basic, grunt_ministairs_9, grunt_decor_one_mirror,
          chequers_serial_rivers_small_b, kennysheep_flooded_box
D:3:      layout_loops_cross, st_stairs_14, nicolae_elevator_lobby_plus

Skill      XL: |  1  2  3 |
---------------+----------+-----
Spellcasting   | 4 |  4.5
Fighting       | |  0.1
Dodging        | |  2.3
Stealth        | |  1.7

Action                   |  1- 3 |  4- 6 || total
-------------------------+-------+-------++-------
Melee: Unarmed           |     2 |     4 ||     6
 Cast: Freeze            |    67 |    31 ||    98
       Frozen Ramparts   |       |     2 ||     2
Armor: Robe              |     5 |     3 ||     8
Dodge: Dodged            |    37 |    13 ||    50
